 Dungeon Crawl Stone Soup version 0.20.1-1-g8b1a95d (webtiles) character file.

123 NoNouf the Digger (level 4, -3/35 HPs)
             Began as a Demigod Earth Elementalist on Aug 17, 2017.
             Slain by a gnoll
             ... wielding a +0 halberd
              (10 damage)
             ... on level 2 of the Dungeon.
             The game lasted 00:16:48 (2315 turns).

NoNouf the Digger (Demigod Earth Elementalist)      Turns: 2315, Time: 00:16:49

Health: -3/35      AC:  3    Str: 11    XL:     4   Next: 52%
Magic:  1/9        EV: 13    Int: 21    God:
Gold:   80         SH:  0    Dex: 16    Spells: 3/7 levels left

rFire    . . .     SeeInvis .   i - +1 dagger
rCold    . . .     Gourm    .   (no shield)
rNeg     . . .     Faith    .   c - +0 robe
rPois    .         Spirit   .   g - +0 helmet
rElec    .         Reflect  .   (no cloak)
rCorr    .         Harm     .   (no gloves)
MR       .....                  (no boots)
Stlth    ++........             (no amulet)
Regen    0.2/turn               (no ring)
MPRegen  0.2/turn               (no ring)

@: very slightly contaminated
A: high mp 1
a: no special abilities


You were on level 2 of the Dungeon.
You were not hungry.

You visited 1 branch of the dungeon, and saw 2 of its levels.

You collected 80 gold pieces.

Inventory:

Hand Weapons
 i - a +1 dagger (weapon)
Missiles
 a - 9 poisoned needles
 b - 12 stones (quivered)
Armour
 c - a +0 robe (worn)
 f - a cursed -1 shield
 g - a +0 helmet (worn)
 j - a +0 chain mail
Scrolls
 h - a scroll of identify
 k - a scroll of teleportation
 p - a scroll of remove curse {unknown}
Potions
 l - a potion of agility {unknown}
Books
 e - a book of Geomancy

   Spells                             Type                      Level
   a - Sandblast                      Earth                        1
   b - Passwall                       Transmutation/Earth          2
   c - Stone Arrow                    Conjuration/Earth            3
   d - Petrify                        Transmutation/Earth          4
   e - Lee's Rapid Deconstruction     Earth                        5
Comestibles
 d - a bread ration
 m - a royal jelly
 o - a meat ration
 q - a chunk of flesh


   Skills:
 - Level 1.0 Fighting
 - Level 0.1 Short Blades
 - Level 2.0 Dodging
 - Level 1.7 Stealth
 - Level 2.0 Spellcasting
 + Level 2.9 Conjurations
   Level 0.8 Transmutations
 - Level 3.3 Earth Magic


You had 3 spell levels left.
You knew the following spells:

 Your Spells              Type           Power        Failure   Level  Hunger
a - Sandblast             Erth           ###...       3%          1    #......
b - Stone Arrow           Conj/Erth      ###...       12%         3    ###....


Dungeon Overview and Level Annotations

Branches:
Dungeon (2/15)


Innate Abilities, Weirdness & Mutations

You have an increased reservoir of magic. (+10% MP)


Message History

Aim: a gnoll, wielding a halberd The blast of sand hits the gnoll.
b - 12 stones The gnoll misses you.
You hit the gnoll but do no damage. The gnoll hits you with a halberd!
You hit the gnoll.
The gnoll is moderately wounded.
The gnoll closely misses you.
You hit the gnoll.
The gnoll is heavily wounded.
The gnoll hits you with a halberd!
* * * LOW HITPOINT WARNING * * *
Okay, then.
As you read the scroll labeled ONOTOUPTUQ, it crumbles to dust.
It is a scroll of enchant weapon.
Your +0 dagger glows red for a moment.
The gnoll closely misses you.
You hit the gnoll.
The gnoll is heavily wounded.
The gnoll hits you with a halberd!
You die...

#$...## ####.# ##.#
###.#.###### #)#
#..# ........ggg#
#)### #.##
##########.# #...#
#.# ###.# #.# #.#
#.# #.# #.# #g# #.#
#@# #.# .# #.# #.#
.# #(# #.# .# #.#
#.# ##.#####.###.#
#######............#
#........#####.#####
#.......######.# #
###..(.........#


You could see a gnoll.

Vanquished Creatures
  2 gnolls (D:2)
  2 adders (D:2)
  4 oozes (D:1)
  3 worms
  A dart slug (D:1)
  A leopard gecko (D:1)
  A ball python (D:2)
  9 giant cockroaches
  4 goblins
  3 hobgoblins
  7 jackals (D:1)
  5 kobolds
  3 bats (D:2)
  3 frilled lizards
  9 rats
57 creatures vanquished.

Notes
Turn   | Place    | Note
-------+----------+-------------------------------------------
     0 | D:1      | NoNouf the Demigod Earth Elementalist began the quest for the Orb.
     0 | D:1      | Reached XP level 1. HP: 14/14 MP: 5/5
     1 | D:1      | Found a runed door.
    49 | D:1      | Reached skill level 3 in Earth Magic
   432 | D:1      | Reached XP level 2. HP: 18/20 MP: 4/7
  1001 | D:1      | Reached skill level 1 in Fighting
  1001 | D:1      | Reached XP level 3. HP: 28/28 MP: 6/8
  1011 | D:1      | Learned a level 3 spell: Stone Arrow
  1137 | D:1      | Reached skill level 1 in Conjurations
  1793 | D:2      | Reached XP level 4. HP: 35/35 MP: 4/9
  2315 | D:2      | Slain by a gnoll

Skill      XL: |  1  2  3 |
---------------+----------+-----
Earth Magic    | 3 |  3.3
Spellcasting   | 2 |  2.0
Dodging        | 2 |  2.0
Fighting       | 1 |  1.0
Conjurations   | 2 |  2.9
Short Blades   | |  0.1
Stealth        | |  1.7
Transmutations | |  0.8

Action                   |  1- 3 |  4- 6 || total
-------------------------+-------+-------++-------
Melee: Unarmed           |    36 |       ||    36
       Dagger            |   152 |    28 ||   180
 Cast: Sandblast         |    32 |     6 ||    38
       Stone Arrow       |     5 |     8 ||    13
  Use: Scroll            |     1 |     1 ||     2
 Stab: Sleeping          |     2 |       ||     2
  Eat: Chunk             |     4 |     3 ||     7
Armor: Robe              |    52 |     4 ||    56
Dodge: Dodged            |   135 |    20 ||   155
